 Dungeon Crawl Stone Soup version 0.28-a0-793-g31680bbd8b (webtiles) character file.

Game seed: 14027552736753497924

59 spiderkeys the Ducker (level 3, -1/17 HPs)
             Began as a Felid Abyssal Knight on Nov 4, 2021.
             Was a Believer of Lugonu.
             Slain by an orc (4 damage)
             ... on level 3 of the Dungeon.
             The game lasted 00:05:00 (3044 turns).

spiderkeys the Ducker (Felid Abyssal Knight)        Turns: 3044, Time: 00:05:01

Health: -1/17      AC:  1    Str:  9    XL:     3   Next: 78%
Magic:  6/6        EV: 18    Int: 11    God:    Lugonu [**....]
Gold:   108        SH:  0    Dex: 17    Spells: 1/2 levels left
                                        Lives:  0   Deaths: 0

rFire   . . .      SeeInvis +     - Unarmed
rCold   . . .      Faith    .   (shield unavailable)
rNeg    . . .      Spirit   .   (armour unavailable)
rPois   .          Reflect  .   (helmet unavailable)
rElec   .          Harm     .   (cloak unavailable)
rCorr   .          Rampage  .   (gloves unavailable)
Will    .....                   (boots unavailable)
Stlth   +.........              (no amulet)
HPRegen 0.05/turn               L - ring of flight
MPRegen 0.10/turn               (no ring)

@: confused, mighty, flying, hasted, studying Invocations, very quick
A: very small, claws 1, fangs 3, see invisible, speed 1, shaggy fur 1, stealthy
paws, no weapons or thrown items, no armour, multi-lived
a: Renounce Religion, Depart the Abyss, Bend Space


You were on level 3 of the Dungeon.
You worshipped Lugonu.
Lugonu was pleased with you.
You visited 1 branch of the dungeon, and saw 4 of its levels.
You visited the Abyss 1 time.

You collected 108 gold pieces.


Innate Abilities, Weirdness & Mutations

You have sharp claws.
You have razor-sharp teeth.
You have supernaturally acute eyesight. (SInv)
You cover ground quickly. (Speed+)
You are covered in fur. (AC +1)
Your paws help you pounce on unaware monsters.
You are incapable of wielding weapons or throwing items.
You cannot wear armour.
You gain extra lives every three experience levels.


   Skills:
 + Level 3.4 Fighting
 + Level 3.8 Dodging
 - Level 1.7 Stealth
 + Level 2.5 Unarmed Combat
 + Level 0.5 Transmutations
 + Level 2.8 Invocations


You had one spell level left.
You knew the following spells:

 Your Spells              Type           Power      Damage    Failure   Level
b - Beastly Appendage     Tmut           2%         N/A       28%         1

Your spell library contained the following spells:

 Spells                   Type           Power      Damage    Failure   Level
 Wereblood                Tmut           1%         N/A       41%         2
 Spider Form              Tmut/Pois      0%         N/A       67%         3

Inventory:

Jewellery
 L - a ring of flight (left paw)
   (You found it on level 3 of the Dungeon)
Scrolls
 b - a scroll of amnesia {unknown}
 c - a scroll of magic mapping {!r}
 d - 3 scrolls of identify {unknown}
 e - a scroll of vulnerability {unknown}
 f - a scroll of teleportation {unknown}
 h - a scroll of brand weapon {unknown}
 j - a scroll of fear {unknown}
 k - a scroll of enchant armour {unknown}
Potions
 i - a potion of brilliance {unknown}
 l - a potion of flight
 m - a potion of degeneration {unknown}

Dungeon Overview and Level Annotations

Branches:
Dungeon (4/15)
 Temple: D:4-7

Altars:
Cheibriados
Ru
Sif Muna
Uskayaw
Vehumet
Wu Jian
Zin

...# #................#
...###......###.#####.#
...+....###.# #.# #.######
...###.โ€ # #.# #.# #......#
...# #..# #.###.#####.###..#
######..# #.##........# #..#
#.......###.##..#####.# #..#
#...........##..## #.# #..#
...............o@# #.###..#
........######.SS# #......#
######..######...####......#
............[.......<รท.....#
...........................#
###........####..####.....##
# #........####..####.....#
###.....#..##.............#
..'...................#####


You could see an adder, an orc and a ball python.


Message History

The magic dart hits you.
Found five items.
Found an escape hatch in the ceiling.
Found a stone staircase leading up and a stone staircase leading down.
There is a stone staircase leading up here. ๐Ÿ˜ฎ HP[-6]
You take 6 damage, and now have 11/17 hp.
MASSIVE DAMAGE!! (PAUSE)
You fly upwards.
There is a stone staircase leading down here.
You start resting. ๐Ÿ˜Ž HP[+6]
Your hp is fully restored (17).
You fly downwards.
The orc misses you.
There is a stone staircase leading up here.
You scratch the orc. The orc completely misses you.
You closely miss the orc. Your bite misses the orc. The orc barely misses you.
You scratch the orc.
You kill the orc!
Lugonu accepts your kill. The orc misses you.
You scratch the orc. The orc closely misses you.
You scratch the orc.
You kill the orc!
Lugonu accepts your kill.
You closely miss the orc. The orc closely misses you.
The orc shouts!
You scratch the orc but do no damage.
You hear an angry hiss.
An adder comes into view.
The ball python hisses angrily.
You scratch the orc. The orc misses you.
You scratch the orc. The orc hits you with a +0 hand axe!
The orc wizard points at you and mumbles some strange words.
You are confused. ๐Ÿ˜ฎ HP[-7]
You take 7 damage, and now have 10/17 hp.
MASSIVE DAMAGE!! (PAUSE)
The orc barely misses you.
You fly upwards.
There is a stone staircase leading down here.
The orc misses you. The orc closely misses you. The orc misses you.
You bump into the rock wall.
You feel less confused. The orc hits you with a +0 hand axe.
* * * LOW HITPOINT WARNING * * *
๐Ÿ˜จ HP[-4]
You take 4 damage, and now have 6/17 hp.
MASSIVE DAMAGE!! (PAUSE)
You scratch the orc.
You kill the orc!
Lugonu accepts your kill. ๐Ÿ˜จ HP[+1]
You start resting. ๐Ÿ˜Ž HP[+10]
Your hp is fully restored (17).
Things that are here:
a +0 hand axe; an orc corpse
There is a stone staircase leading down here.
You fly downwards.
The ball python bites you. The ball python grabs you.
The ball python constricts you.
The orc wizard points at you and mumbles some strange words.
You are confused.
The orc hits you with a +0 mace. The ball python barely misses you.
The ball python constricts you.
There is a stone staircase leading up here. ๐Ÿ˜ฎ HP[-7]
You take 7 damage, and now have 10/17 hp.
MASSIVE DAMAGE!! (PAUSE)
You escape the ball python's grasp.
The adder misses you. The orc misses you. The adder bites you.
* * * LOW HITPOINT WARNING * * *
The ball python misses you. x2
You fly upwards.
There is a stone staircase leading down here. ๐Ÿ˜จ HP[-2]
You take 2 damage, and now have 8/17 hp.
You are too confused!
Unknown command.
It was a potion of flight.
You feel more buoyant. The orc barely misses you. The adder barely misses you.
The ball python bites you.
* * * LOW HITPOINT WARNING * * *
The ball python misses you. ๐Ÿ˜จ HP[-3]
You take 3 damage, and now have 5/17 hp.
It was a potion of haste.
You feel yourself speed up. The adder closely misses you.
The orc hits you with a +0 mace.
* * * LOW HITPOINT WARNING * * *
The ball python misses you.
The ball python barely misses you. ๐Ÿ˜ฑ HP[-2]
You take 2 damage, and now have 3/17 hp.
Okay, then.
It was a potion of might.
You feel very mighty all of a sudden. The adder barely misses you.
The orc hits you with a +0 mace.
You die...

Skill      XL: |  1  2 |
---------------+-------+-----
Invocations    | 2 |  2.8
Stealth        | 1 |  1.7
Fighting       | |  3.4
Dodging        | |  3.8
Unarmed Combat | |  2.5
Transmutations | |  0.5

Action                   || total
-------------------------++-------
Melee: Unarmed           ||   102
       Bite              ||    12
       Punch             ||     1
Invok: Depart the Abyss  ||     1
  Use: Scroll            ||     2
       Potion            ||     3
 Stab: Sleeping          ||     3
       Distracted        ||     1
Armor: Skin              ||     4
Dodge: Dodged            ||    83

Levels and vault maps discovered:
D:1:      minmay_arrival_solitary_statue, layout_basic
D:2:      layout_basic
D:3:      layout_basic, grunt_temple_overflow_octagram,
          shapermc_ecumenical_altar_pompeii
D:4:      layout_layer_cave, saegor_snake_ambush

Notes
Turn   | Place    | Note
-------+----------+-------------------------------------------
     0 | Abyss:1  | spiderkeys the Felid Abyssal Knight began the quest for the
                  | Orb.
     0 | Abyss:1  | Reached XP level 1. HP: 10/10 MP: 3/3
     0 | Abyss:1  | magus.rc [v1.9.10]
    77 | Abyss:1  | Noticed a large abomination
   157 | Abyss:1  | Noticed a tentacled starspawn
   185 | Abyss:1  | Noticed a dire elephant skeleton
   186 | Abyss:1  | Noticed a rust devil
   187 | Abyss:1  | Identified a scroll of acquirement
   187 | D:1      | You pass through the gate.
   187 | D:1      | Escaped the Abyss
   188 | D:1      | Acquired a manual of Invocations
   199 | D:1      | Reached * piety under Lugonu
   205 | D:1      | Reached skill level 2 in Invocations
   351 | D:1      | Reached XP level 2. HP: 14/14 MP: 4/4
   357 | D:1      | Reached skill level 1 in Stealth
  1122 | D:2      | Reached XP level 3. HP: 13/17 MP: 5/5
  1984 | D:3      | You pick up a book of Changes and begin reading...
  1984 | D:3      | You add the spells Beastly Appendage, Wereblood and Spider
                  | Form to your library.
  1996 | D:3      | Learned a level 1 spell: Beastly Appendage
  2337 | D:3      | Found a hide-covered altar of Uskayaw.
  2342 | D:3      | Found a shimmering blue altar of Sif Muna.
  2353 | D:3      | Found a glowing silver altar of Zin.
  2363 | D:3      | Found a sacrificial altar of Ru.
  2369 | D:3      | Found a radiant altar of Vehumet.
  2377 | D:3      | Found a snail-covered altar of Cheibriados.
  2382 | D:3      | Found an ornate altar of the Wu Jian Council.
  2554 | D:3      | Found a faded altar of an unknown god.
  2601 | D:3      | Reached ** piety under Lugonu
  3043 | D:3      | HP: 3/17 [orc (2)]
  3044 | D:3      | Slain by an orc

Vanquished Creatures
  A worm (D:3)
  2 dart slugs
  4 orcs
  A giant cockroach (D:3)
  4 goblins
  4 hobgoblins (D:1)
  4 kobolds
  2 quokkas
  7 ball pythons
  5 bats
  7 frilled lizards
  6 rats
47 creatures vanquished.

Vanquished Creatures (others)
  2 starspawn tentacles (Abyss:1)
2 creatures vanquished.

Grand Total: 49 creatures vanquished

Table legend:
 A = Non-vault XP
 B = Vault XP
 C = Vault XP percentage of total XP
 D = Non-vault monster count
 E = Vault monster count
 F = Vault count percentage of total count
                 A         B        C        D         E       F
            +---------+---------+-------+---------+---------+-------
      Total |      85 |       0 |   0.0 |      47 |       0 |   0.0
            +---------+---------+-------+---------+---------+-------
        D:1 |      29 |       0 |   0.0 |      18 |       0 |   0.0
        D:2 |      15 |       0 |   0.0 |       8 |       0 |   0.0
        D:3 |      35 |       0 |   0.0 |      19 |       0 |   0.0
        D:4 |       6 |       0 |   0.0 |       2 |       0 |   0.0
            +---------+---------+-------+---------+---------+-------

Illustrated notes

Table legend:
 A = Kills in this place as a percentage of kills in entire the game.
 B = Kills by you in this place as a percentage of kills by you in the entire game.
 C = Kills by friends in this place as a percentage of kills by friends in the entire game.
 D = Other kills in this place as a percentage of other kills in the entire game.
 E = Experience gained in this place as a percentage of experience gained in the entire game.
 F = Experience gained in this place divided by the number of levels of this place that you have seen.
                   A       B       C       D       E      F
               +-------+-------+-------+-------+-------+----------------------
         Total | 100.0 | 100.0 |   N/A |   N/A | 100.0 |  17.0
       Dungeon | 100.0 | 100.0 |   N/A |   N/A | 100.0 |  21.2
               +-------+-------+-------+-------+-------+----------------------

Table legend: (Time is in decaauts)
 A = Elapsed time spent in this place.
 B = Non-inter-level travel time spent in this place.
 C = Inter-level travel time spent in this place.
 D = Time resting spent in this place.
 E = Time spent auto-exploring this place.
 F = Levels seen in this place.
 G = Mean time per level.
                   A        B        C        D        E       F      G
               +--------+--------+--------+--------+--------+-----+--------+
         Total |   2680 |   2454 |    226 |    493 |   1609 |   5 |  536.0 |
       Dungeon |   2529 |   2303 |    226 |    493 |   1511 |   4 |  632.2 |
         Abyss |    150 |    150 |      0 |      0 |     98 |   1 |  150.0 |
               +--------+--------+--------+--------+--------+-----+--------+

Top non-repeatable levels by time:
     D:3: 1212 daAuts
     D:2: 664 daAuts
     D:1: 634 daAuts
 Abyss:1: 150 daAuts
     D:4: 18 daAuts
